 Dungeon Crawl Stone Soup version 0.27.1-34-g3ba077fa99 (webtiles) character file.

Game seed: 16964336886883981423

273 OrdinaryStalker the Poker (level 6, -1/48 HPs)
             Began as a Demonspawn Wanderer on Jan 16, 2022.
             Was a Believer of Cheibriados.
             Succumbed to a water moccasin's poison
             ... on level 4 of the Dungeon.
             The game lasted 00:12:16 (3809 turns).

OrdinaryStalker the Poker (Demonspawn Wanderer)     Turns: 3809, Time: 00:12:17

Health: -1/48      AC:  8    Str: 19    XL:     6   Next: 2%
Magic:  3/6        EV: 13    Int: 23    God:    Cheibriados [**....]
Gold:   109        SH:  0    Dex: 17    Spells: 5/5 levels left

rFire    . . .     SeeInvis .   a - +2 spear
rCold    . . .     Faith    .   (no shield)
rNeg     + . .     Spirit   .   t - +0 chain mail
rPois    .         Reflect  .   (no helmet)
rElec    .         Harm     .   (no cloak)
rCorr    .         Rampage  .   (no gloves)
Will     .....                  (no boots)
Stlth    ..........             p - amulet of magic regeneration
HPRegen  0.16/turn              q - ring of Midsummer {rN+ Int+4}
MPRegen  0.35/turn              u - +4 ring of evasion

@: lethally poisoned (-1 -> -21), very slow
A: talons 1, foul stench 1, sturdy frame 2
a: Renounce Religion, Bend Time


You were on level 4 of the Dungeon.
You worshipped Cheibriados.
Cheibriados was pleased with you.
You visited 1 branch of the dungeon, and saw 4 of its levels.

You collected 224 gold pieces.
You spent 115 gold pieces at shops.

Inventory:

Hand Weapons
 a - a +2 spear (weapon)
 e - a +0 dagger
 g - a +2 short sword of speed
Missiles
 o - 3 throwing nets (quivered)
Armour
 d - a +0 robe
 t - a +0 chain mail (worn)
Jewellery
 p - an amulet of magic regeneration (around neck)
 q - the ring of Midsummer (left hand) {rN+ Int+4}
   (You bought it in a shop on level 2 of the Dungeon)

   [ring of positive energy]

   Int:       It affects your intelligence (+4).
   rN:        It protects you from negative energy.
 u - a +4 ring of evasion (right hand)
Scrolls
 c - 2 scrolls of teleportation
 f - 2 scrolls of identify {unknown}
 h - a scroll of holy word {unknown}
 i - a scroll of fear {unknown}
 l - 3 scrolls of blinking {unknown}
 m - a scroll of amnesia {unknown}
 s - a scroll of noise {unknown}
Potions
 b - a potion of lignification
 j - a potion of curing {unknown}
 k - a potion of might {unknown}
 n - a potion of cancellation
 r - a potion of berserk rage {unknown}


   Skills:
 + Level 3.9 Fighting
 - Level 1.0 Short Blades
 * Level 4.8 Polearms
 - Level 1.0 Dodging
 - Level 1.7 Stealth
 - Level 2.0 Evocations


You had 5 spell levels left.
You didn't know any spells.
Your spell library was empty.

Dungeon Overview and Level Annotations

Branches:
Dungeon (4/15)
 Temple: D:4-7

Altars:
Cheibriados
Wu Jian

Shops:
D:1 (   D:2 *


Innate Abilities, Weirdness & Mutations

You have sharp toenails.
You may rarely emit foul miasma when damaged in melee.
Your movements are less encumbered by armour. (ER -4)


Message History

The water moccasin resists with some effort.
You feel very sick. The water moccasin bites you.
* * * LOW HITPOINT WARNING * * *
You are more poisoned.
The water moccasin poisons you!
You emit a cloud of foul miasma!
You hit the water moccasin. You claw the water moccasin.
The water moccasin is heavily wounded.
* * * LOW HITPOINT WARNING * * *
You feel very sick.
The water moccasin is engulfed in dark miasma.
The water moccasin closely misses you.
The water moccasin is engulfed in dark miasma.
The water moccasin is poisoned.
The water moccasin bites you but does no damage.
You closely miss the water moccasin. You claw the water moccasin.
You kill the water moccasin!
Cheibriados thoroughly appreciates the change of pace.
* * * LOW HITPOINT WARNING * * *
You feel very sick. The dart slug launches a dart at you.
The slug dart misses you.
You have reached level 6!
Your experience leads to an increase in your attributes!
Your base attributes are Str 13, Int 14, Dex 12.
Increase (S)trength, (I)ntelligence, or (D)exterity?
You feel stronger.
Your demonic ancestry asserts itself...
You feel less encumbered by your armour.
Really quaff the potion of lignification?
You turn into a tree.
Your +0 chain mail melds into your body.
Your roots penetrate the ground.
* * * LOW HITPOINT WARNING * * *
You feel very sick.
It was a potion of cancellation.
Your magical effects are unravelling.
You feel magically purged.
You feel less wooden.
Your +0 chain mail unmelds from your body.
You die...

... ... #........
....##.##..#...........
...........#..........
....#..†..............
.<.....<#.#......$....
......>.#.#.........
...#....#.# ...$..
#....####.# #w○## #..##
#.#####.@.# #..
#^......#.# ..
#########... ###.. ...
.. .


You could see a dart slug.

Vanquished Creatures
  A water moccasin (D:4)
  8 gnolls
  An adder (D:2)
  2 worms (D:2)
  2 dart slugs
  2 orcs (D:3)
  7 endoplasms
  6 giant cockroaches
  6 goblins
  9 hobgoblins
  6 kobolds
  5 quokkas
  2 ball pythons
  3 bats
  4 frilled lizards
  4 rats
68 creatures vanquished.

Vanquished Creatures (others)
  2 fungi (D:2)
  5 plants (D:2)
7 creatures vanquished.

Grand Total: 75 creatures vanquished

Notes
Turn   | Place    | Note
-------+----------+-------------------------------------------
     0 | D:1      | OrdinaryStalker the Demonspawn Wanderer began the quest for
                  | the Orb.
     0 | D:1      | OrdinaryStalker set off with the following items: a +2
                  | spear, a potion of lignification, a scroll of
                  | teleportation, a +0 robe, a +0 dagger
     0 | D:1      | Reached XP level 1. HP: 16/16 MP: 1/1
   153 | D:1      | Reached skill level 2 in Polearms
   512 | D:1      | Gained mutation: You may rarely emit foul miasma when
                  | damaged in melee. [demonic ancestry]
   512 | D:1      | Reached XP level 2. HP: 21/22 MP: 2/2
   922 | D:1      | Gained mutation: Your movements are slightly less
                  | encumbered by armour. (ER -2) [demonic ancestry]
   922 | D:1      | Reached XP level 3. HP: 20/28 MP: 3/3
  1114 | D:1      | Found Kuttatz's Antique Weapon Emporium.
  1384 | D:2      | Found a faded altar of an unknown god.
  1386 | D:2      | Became a worshipper of Cheibriados the Contemplative
  1386 | D:2      | Reached * piety under Cheibriados
  1469 | D:2      | Reached skill level 3 in Polearms
  1505 | D:2      | Found Vysmo's Assorted Antiques.
  1511 | D:2      | Bought a glittering jade ring for 115 gold pieces
  1511 | D:2      | Identified the ring of Midsummer {rN+ Int+4} (You bought it
                  | in a shop on level 2 of the Dungeon)
  2038 | D:2      | Found an ornate altar of the Wu Jian Council.
  2320 | D:2      | Reached ** piety under Cheibriados
  2321 | D:2      | Gained mutation: You have sharp toenails. [demonic
                  | ancestry]
  2321 | D:2      | Reached XP level 4. HP: 31/34 MP: 4/4
  3160 | D:3      | Reached skill level 4 in Polearms
  3290 | D:3      | Reached XP level 5. HP: 34/41 MP: 5/5
  3798 | D:4      | Noticed a water moccasin
  3807 | D:4      | Killed a water moccasin
  3808 | D:4      | Gained mutation: Your movements are less encumbered by
                  | armour. (ER -4) [demonic ancestry]
  3808 | D:4      | Reached XP level 6. HP: 4/48 MP: 2/6
  3808 | D:4      | HP: 3/72 [poisoned by a water moccasin]
  3809 | D:4      | Succumbed to a water moccasin's poison

Illustrated notes

Levels and vault maps discovered:
D:1:      heliophobic_arrival_glass_houses, layout_basic, serial_shops,
          shop_coins
D:2:      layout_loops_ring, basic_altar, serial_shops, shop,
          dreamdust_ecumenical_altar_grove, corexii_shack,
          corexii_hall_statues_deadend, roderic_roman_lattice
D:3:      layout_basic
D:4:      layout_rooms, nicolae_vehumet_radiance, gup_sewer_entry_glass,
          minmay_statues_item, corner_web_ring, uniq_grinder, uniq_natasha

Skill      XL: |  1  2  3  4 |
---------------+-------------+-----
Polearms       | 2 3 4 |  4.8
Fighting       | 3 |  3.9
Short Blades   | |  1.0
Dodging        | |  1.0
Stealth        | |  1.7
Evocations     | |  2.0

Action                   |  1- 3 |  4- 6 || total
-------------------------+-------+-------++-------
Melee: Spear             |   143 |    75 ||   218
       Kick              |       |    18 ||    18
Invok: Bend Time         |       |     1 ||     1
  Use: Potion            |       |     2 ||     2
 Stab: Sleeping          |    11 |     1 ||    12
Armor: Robe              |    13 |     1 ||    14
       Chain mail        |       |    11 ||    11
Dodge: Dodged            |    48 |    15 ||    63
